 Dungeon Crawl Stone Soup version 0.19-a0-1821-g42c593c (webtiles) character file.

485 KarmaPolice the Slasher (level 6, -1/43 HPs)
             Began as a High Elf Skald on Oct 6, 2016.
             Slain by a scorpion (3 damage)
             ... on level 4 of the Dungeon.
             The game lasted 00:12:21 (5689 turns).

KarmaPolice the Slasher (High Elf Skald)            Turns: 5689, Time: 00:12:22

Health: -1/43      AC:  5    Str: 13    XL:     6   Next: 88%
Magic:  1/10       EV: 16    Int: 21    God:
Gold:   133        SH:  0    Dex: 20    Spells: 2 memorised, 6 levels left

rFire  + + .     SeeInvis .     a - +0 falchion
rCold  + . .     Gourm    .     b - +0 leather armour
rNeg   . . .     Faith    .     (no shield)
rPois  +         Spirit   .     s - +0 helmet
rElec  +         Dismiss  .     k - +0 cloak
rCorr  +         Reflect  .     (no gloves)
MR     .....     Harm     .     (no boots)
Stlth  +++.......               (no amulet)
                                (no ring)
                                w - ring of protection from fire

@: brilliant, agile, lethally poisoned (-1 -> -5), resistant
A: no striking features
a: no special abilities


You were on level 4 of the Dungeon.
You were hungry.

You visited 1 branch of the dungeon, and saw 4 of its levels.

You collected 133 gold pieces.

Inventory:

Hand Weapons
 a - a +0 falchion (weapon)
Missiles
 f - a throwing net (quivered)
 r - 28 arrows
Armour
 b - a +0 leather armour (worn)
 k - a +0 cloak (worn)
 s - a +0 helmet (worn)
Jewellery
 w - a ring of protection from fire (left hand)
Wands
 o - a wand of paralysis (9/24)
Scrolls
 h - a scroll of identify
 l - a scroll of magic mapping {unknown}
 n - 2 scrolls of enchant armour
 q - 2 scrolls of amnesia
 v - a scroll of enchant weapon {unknown}
Potions
 g - 2 potions of cancellation
 j - 3 potions of degeneration
 m - 2 potions of brilliance
Books
 c - a book of Battle

   Spells                             Type                      Level
   a - Infusion                       Charms                       1
   b - Shroud of Golubria             Charms/Translocation         2
   c - Song of Slaying                Charms                       2
   d - Spectral Weapon                Hexes/Charms                 3
   e - Regeneration                   Charms/Necromancy            3
Comestibles
 d - 4 bread rations
 i - a meat ration
 p - 4 fruits


   Skills:
 + Level 4.2 Fighting
 + Level 5.4 Long Blades
 + Level 3.3 Armour
 - Level 1.1 Dodging
 - Level 2.4 Spellcasting
 - Level 4.7 Charms


You had 6 spell levels left.
You knew the following spells:

 Your Spells              Type           Power        Failure   Level  Hunger
a - Infusion              Chrm           ####         1%          1    None
b - Shroud of Golubria    Chrm/Tloc      ####......   1%          2    ##.....


Dungeon Overview and Level Annotations

Branches:
Dungeon (4/15)
 Temple: D:4-7

Altars:
Gozag
Makhleb
Nemelex Xobeh
Zin

Annotations:
D:3 Grinder
D:4 Sigmund


Message History

You are too injured to fight recklessly!
You are too injured to fight recklessly!
You are too injured to fight recklessly!
It was a potion of brilliance.
You feel clever all of a sudden.
* * * LOW HITPOINT WARNING * * *
You feel sick. The scorpion barely misses you.
It was a potion of resistance.
You feel protected.
The scorpion stings you but does no damage.
Okay, then.
It was a potion of agility.
You feel agile all of a sudden.
* * * LOW HITPOINT WARNING * * *
You feel sick. The scorpion closely misses you.
You closely miss the scorpion.
The scorpion is severely wounded.
* * * LOW HITPOINT WARNING * * *
You feel sick. The scorpion stings you.
You die...

......##############..
........................
........^...............
........................
........................
........................
........................
........................
.......@................
.......s.............<..
........................
........................
#..............>...............
#..............................
#..........................(...
..............................
.....@.......................


You could see a scorpion.

Vanquished Creatures
  A phantom (D:4)
  2 orc priests (D:3)
  2 hounds (D:4)
  An orc wizard (D:3)
  Jessica (D:2)
  An iguana (D:4)
  Robin (D:3)
  3 gnolls (D:4)
  6 adders
  An ooze (D:1)
  2 worms (D:3)
  16 orcs
  2 ball pythons
  3 bats
  3 giant cockroaches
  9 goblins
  7 hobgoblins
  8 jackals
  3 quokkas
  2 frilled lizards (D:2)
  6 kobolds
  7 rats
87 creatures vanquished.

Notes
Turn   | Place    | Note
-------+----------+-------------------------------------------
     0 | D:1      | KarmaPolice the High Elf Skald began the quest for the Orb.
     0 | D:1      | Reached XP level 1. HP: 14/14 MP: 4/4
   419 | D:1      | Reached skill level 1 in Armour
   590 | D:1      | Reached XP level 2. HP: 17/19 MP: 6/6
   621 | D:1      | Learned a level 2 spell: Shroud of Golubria
  1394 | D:2      | Noticed Jessica
  1426 | D:2      | Killed Jessica
  1426 | D:2      | Reached skill level 3 in Long Blades
  1426 | D:2      | Reached XP level 3. HP: 25/25 MP: 1/7
  2012 | D:3      | Noticed Grinder
  2025 | D:2      | Reached XP level 4. HP: 17/30 MP: 3/8
  2305 | D:3      | Noticed Robin
  2319 | D:3      | Killed Robin
  2670 | D:3      | Paralysed by Grinder for 2 turns
  2679 | D:3      | Paralysed by Grinder for 2 turns
  2879 | D:3      | Reached skill level 4 in Long Blades
  2879 | D:3      | Reached XP level 5. HP: 8/36 MP: 1/9
  3797 | D:3      | Found an opulent altar of Gozag.
  3798 | D:3      | Found a sparkling altar of Nemelex Xobeh.
  4425 | D:4      | Reached XP level 6. HP: 25/42 MP: 5/10
  4641 | D:4      | HP: 1/42 [phantom (3)]
  5175 | D:4      | Reached skill level 5 in Long Blades
  5477 | D:4      | Found a burning altar of Makhleb.
  5480 | D:4      | Found a glowing silver altar of Zin.
  5480 | D:4      | Noticed an angel
  5481 | D:4      | Noticed an Executioner
  5524 | D:4      | Noticed Sigmund
  5689 | D:4      | HP: 2/43 [poisoned by a scorpion]
  5689 | D:4      | Slain by a scorpion

Vault maps used:
D:1:      eino_arrival_cavern_e
D:2:      uniq_jessica
D:3:      grunt_temple_overflow_opulence, first_bread, uniq_grinder, uniq_robin
D:4:      grunt_temple_overflow_order_and_chaos_2, uniq_sigmund

Skill      XL: |  1  2  3  4  5  6 |
---------------+-------------------+-----
Armour         | 1 2 3 |  3.3
Charms         | 4 |  4.7
Long Blades    | 3 4 5 |  5.4
Fighting       | 3 4 |  4.2
Dodging        | |  1.1
Spellcasting   | |  2.4

Action                   |  1- 3 |  4- 6 || total
-------------------------+-------+-------++-------
Melee: Falchion          |   103 |   289 ||   392
 Cast: Infusion          |     5 |    17 ||    22
       Shroud of Golubri |     5 |    17 ||    22
  Use: Potion            |       |     5 ||     5
       Scroll            |       |     6 ||     6
  Eat: Chunk             |     4 |     7 ||    11
       Fruit             |       |     2 ||     2
       Meat ration       |       |     1 ||     1
Armor: Leather armour    |    49 |    64 ||   113
Dodge: Dodged            |    83 |   153 ||   236
       Rpst.: Falchion   |    30 |    51 ||    81
